 Dungeon Crawl Stone Soup version 0.30-a0-1093-gcfb1e0cf12 (webtiles) character file.

Game seed: 13944846883559247514

13 CryoSword the Vexing (level 2, 0/19 HPs)
             Began as a Vampire Enchanter on Apr 16, 2023.
             Slain by a gnoll
             ... wielding a +0 flail
              (4 damage)
             ... on level 2 of the Dungeon.
             The game lasted 00:01:15 (812 turns).

CryoSword the Vexing (Vampire Enchanter)             Turns: 812, Time: 00:01:15

Health: 0/19       AC:  3    Str:  7    XL:     2   Next: 24%
Magic:  5/5        EV: 12    Int: 17    God:
Gold:   64         SH:  0    Dex: 14    Spells: 5/5 levels left

rFire   . . .      SeeInvis +    e - +1 whip (elec)
rCold   . . .      Faith    .    (no shield)
rNeg    . . .      Spirit   .    b - +0 robe
rPois   .          Reflect  .    (no helmet)
rElec   .          Rampage  .    (no cloak)
rCorr   .                        f - +0 pair of gloves
Will    .....                    (no boots)
Stlth   +++                      (no amulet)
HPRegen 0.43/turn                (no ring)
MPRegen 0.09/turn                (no ring)

@: healing quickly, invisible
A: alive, fangs 3, see invisible, vampiric 1
a: Exsanguinate


You were on level 2 of the Dungeon.
You visited 1 branch of the dungeon, and saw 2 of its levels.

You collected 64 gold pieces.

Inventory:

Hand Weapons
 a - a +1 dagger
 e - a +1 whip of electrocution (weapon)
   (You found it on level 1 of the Dungeon)
Armour
 b - a +0 robe (worn)
 f - a +0 pair of gloves (worn)
   (You found it on level 1 of the Dungeon)
Scrolls
 d - a scroll of silence {unknown}
 g - a scroll of brand weapon {unknown}
 h - a scroll of identify {unknown}
Potions
 c - a potion of invisibility
 i - a potion of brilliance {unknown}
 j - a potion of resistance {unknown}


   Skills:
 + Level 0.3 Fighting
 * Level 1.5 Short Blades
 - Level 2.1 Dodging
 + Level 4.5 Stealth
 + Level 2.1 Spellcasting
 + Level 4.5 Hexes
 * Level 0.9 Ice Magic


You had 5 spell levels left.
You didn't know any spells.
Your spell library contained the following spells:

 Spells                   Type           Power      Damage    Failure   Level
 Confusing Touch          Hex            17%        N/A       9%          3
 Tukima's Dance           Hex            17%        N/A       9%          3
 Ensorcelled Hibernation  Hex/Ice        22%        N/A       10%         2
 Dazzling Flash           Conj/Hex       18%        N/A       22%         3
 Portal Projectile        Hex/Tloc       18%        N/A       22%         3
 Call Canine Familiar     Summ           1%         N/A       50%         3
 Leda's Liquefaction      Hex/Erth       4%         N/A       58%         4


Dungeon Overview and Level Annotations

Branches:
Dungeon (2/15)

Altars:

Shops:
D:1 (


Innate Abilities, Weirdness & Mutations

Your natural rate of healing is accelerated.
You have razor-sharp teeth.
You have supernaturally acute eyesight. (SInv)
You are afflicted with vampirism.


Message History

A bat is nearby!
The helpless bat fails to defend itself.
You hit the bat but do no damage. The bat barely misses you.
The bat barely misses you. The bat hits you but does no damage.
You hit the bat but do no damage. The bat closely misses you.
The bat hits you but does no damage. The bat closely misses you.
The bat hits you but does no damage. x2
You barely miss the bat. Your bite misses the bat. The bat barely misses you.
You hit the bat. The bat hits you but does no damage.
You hit the bat but do no damage. Lightning courses through the bat!
You kill the bat!
No target in view!
Found a stone staircase leading down.
Found a ring mail.
Found 7 stones.
Could not explore, unopened door.
No target in view!
No target in view!
You open the door. You open the door.
There is an open door here.
You open the door.
There is an open door here.
You open the door.
Found Qarr's Weapon Emporium.
There is an open door here.
There is an entrance to Qarr's Weapon Emporium here.
You open the door.
There is an open door here.
You open the door.
There is an open door here.
You open the door.
There is an open door here.
You open the door.
There is an open door here.
Found a scroll labelled NAXAX PATOTSUF.
h - a scroll labelled NAXAX PATOTSUF You enter the shallow water.
Moving in this stuff is going to be slow.
You now have 54 gold pieces (gained 18).
i - a white potion You enter the shallow water.
Moving in this stuff is going to be slow.
A bat comes into view.
A bat is nearby!
A bat is nearby!
A bat is nearby!
Found 10 gold pieces.
The helpless bat fails to defend itself.
You hit the bat.
You kill the bat!
You have reached level 2!
You see here a bat corpse.
You now have 64 gold pieces (gained 10).
You enter the shallow water.
Moving in this stuff is going to be slow.
You enter the shallow water.
Moving in this stuff is going to be slow.
You enter the shallow water.
Moving in this stuff is going to be slow.
You enter the shallow water.
Moving in this stuff is going to be slow.
You enter the shallow water.
Moving in this stuff is going to be slow.
You enter the shallow water.
Moving in this stuff is going to be slow.
Key pressed, stopping explore.
Things that are here:
a +0 ring mail; a +0 dagger A rat comes into view.
A rat is nearby!
A rat is nearby!
A rat is nearby!
You see here a lumpy pink potion.
The helpless rat fails to defend itself.
You hit the rat but do no damage. You bite the rat.
You kill the rat!
j - a lumpy pink potion
Things that are here:
a +0 ring mail; a +0 dagger Done exploring.
Done exploring.
Done exploring.
Done exploring.
Done exploring.
There is a stone staircase leading down here.
You climb downwards.
There is a stone staircase leading up here.
A rat comes into view.
A rat is nearby!
A rat is nearby!
A rat is nearby!
A hobgoblin comes into view.
You barely miss the rat. The rat bites you.
You hit the rat. The rat misses you.
You hit the rat but do no damage. Lightning courses through the rat!
You kill the rat!
You see here a rat corpse.
A hobgoblin is nearby!
The hobgoblin shouts!
You hit the hobgoblin. Your bite misses the hobgoblin.
The hobgoblin hits you but does no damage.
You hit the hobgoblin.
You kill the hobgoblin!
No target in view!
Found 5 stones.
You see here 5 stones.
A quokka comes into view.
A quokka is nearby!
A quokka is nearby!
A quokka is nearby!
The quokka barely misses you.
You miss the quokka. The quokka bites you. The quokka barely misses you.
You hit the quokka. Your bite misses the quokka. The quokka barely misses you.
You miss the quokka.
The quokka bites you but does no damage.
You barely miss the quokka. The quokka bites you. The quokka barely misses you.
A quokka is nearby!
A quokka is nearby!
A quokka is nearby!
You hit the quokka but do no damage. The quokka closely misses you.
You hit the quokka. Your bite misses the quokka. The quokka misses you.
Hit: e) +1 whip (elec)
Aim: a quokka (severely wounded, about 52% to evade your +1 whip of electrocution)
You hit the quokka. Lightning courses through the quokka!
You kill the quokka!
You see here a quokka corpse. 3 gnolls come into view.
The gnoll shouts! x2; You hear a shout!
The gnoll moves out of view. x2
A gnoll comes into view. It is wielding a +0 club.
There are monsters nearby!
There are monsters nearby!
There are monsters nearby!
Found a gold piece.
Found a stone staircase leading down.
The gnoll attacks as you move away! The gnoll hits you with a +0 flail!
Ouch! That really hurt!
* * * LOW HITPOINT WARNING * * *
The gnoll attacks as you move away! The gnoll barely misses you.
The gnoll attacks as you move away! The gnoll hits you with a +0 flail.
* * * LOW HITPOINT WARNING * * *
The gnoll attacks as you move away! The gnoll completely misses you.
Okay, then.
You fade into invisibility!
The gnoll barely misses you.
The floor.
You closely miss the gnoll. The gnoll hits you with a +0 flail.
You die...

#.......†...........
#..##.#.#.##########
#..##.#.#.#
#..##.#.#.#
####..##.#.#.#
#......#.#.#.#
#......#.....#
#......######.#
####..@.......#
#..#g#####.# .
#..#.# ..#######g#
###### ..........#
#.....
.......g#+#+#+#
###.####
+#####.g...$...
#...#... #.........
#.###.## #.........
#.# #.#.


You could see 2 gnolls.

Vanquished Creatures
  An endoplasm (D:1)
  A giant cockroach (D:1)
  2 hobgoblins
  A quokka (D:2)
  3 bats (D:1)
  5 rats
13 creatures vanquished.

Notes
Turn   | Place    | Note
-------+----------+-------------------------------------------
     0 | D:1      | CryoSword the Vampire Enchanter began the quest for the
                  | Orb.
     0 | D:1      | Reached XP level 1. HP: 13/13 MP: 3/3
   323 | D:1      | Found Qarr's Weapon Emporium.
   410 | D:1      | Reached XP level 2. HP: 19/19 MP: 5/5
   812 | D:2      | Slain by a gnoll

Illustrated notes

Levels and vault maps discovered:
D:1:      lightli_arrival_isolated_outpost, layout_loops_ring, serial_shops,
          nicolae_shop_real_fake_doors
D:2:      layout_basic

Action                     || total
---------------------------++-------
  Melee: Whip              ||    34
         Dagger            ||     4
         Bite              ||     3
         Punch             ||     1
    Use: Potion            ||     1
   Stab: Sleeping          ||     5
 Armour: Robe              ||    12
  Dodge: Dodged            ||    24

Table legend: (Time is in decaauts)
 A = Elapsed time spent in this place.
 B = Non-inter-level travel time spent in this place.
 C = Inter-level travel time spent in this place.
 D = Time resting spent in this place.
 E = Time spent auto-exploring this place.
 F = Levels seen in this place.
 G = Mean time per level.
                   A        B        C        D        E       F      G
               +--------+--------+--------+--------+--------+-----+--------+
         Total |    819 |    798 |     21 |      0 |    616 |   2 |  409.5 |
       Dungeon |    819 |    798 |     21 |      0 |    616 |   2 |  409.5 |
               +--------+--------+--------+--------+--------+-----+--------+

Top non-repeatable levels by time:
     D:1: 644 daAuts
     D:2: 174 daAuts
